Map: [ESL] Babylon

Players

Rex

  • Race: Zerg Zerg
  • Spawn Location: 11:00

Jieshi - Winner!

  • Race: Protoss Protoss
  • Spawn Location: 5:00

Event: ESL SC2 Masters 2023 Summer (Regionals)

VOD

Have the link to the VOD?

Description

Time

  • Played on: May 3, 2023, 7:39 a.m.
  • Length: 18:01

All games in this series

Show
View Real Time Build Order
Export as new Build Order

Rex Zerg 

Build Orders: Pool First 

Get SALT Encoding   

  12  0:00  Drone  
  13  0:12  Overlord  
  13  0:16  Drone  
  14  0:30  Drone x2  
  14  0:34  Drone  
  17  0:39  Extractor  
  16  0:46  Spawning Pool  
  15  0:50  Drone  
  15  0:57  Drone  
  17  1:19  Hatchery  
  17  1:22  Drone  
  17  1:34  Zergling x2  
  17  1:39  Queen  
  20  1:46  Metabolic Boost  
  20  1:50  Drone  
  21  1:57  Overlord  
  21  2:02  Drone  
  22  2:17  Drone x2  
  22  2:20  Lair  
  24  2:30  Zergling x2  
  24  2:32  Queen  
  24  2:35  Zergling x2  
  28  2:40  Zergling x2  
  29  2:44  Zergling x2  
  29  2:48  Zergling x2  
  31  2:54  Drone  
  31  2:55  Overlord  
  31  2:56  Drone  
  32  3:01  Drone  
  32  3:05  Drone x2  
  35  3:18  Drone  
  35  3:19  Drone x2  
  39  3:20  Drone  
  39  3:23  Drone  
  40  3:35  Hatchery  
  40  3:37  Drone  
  40  3:42  Drone x3  
  40  3:47  Drone  
  43  3:51  Roach Warren  
  43  3:53  Overlord  
  42  4:06  Overlord  
  42  4:07  Extractor, Queen  
  42  4:08  Extractor  
  41  4:11  Drone x2  
  41  4:12  Drone  
  41  4:13  Drone x2  
  44  4:19  Drone  
  44  4:20  Drone x3  
  44  4:22  Drone  
  44  4:23  Drone  
  49  4:27  Overlord  
  49  4:30  Glial Reconstitution  
  49  4:34  Overlord  
  49  4:42  Roach  
  49  4:43  Roach x2  
  55  4:49  Roach x2  
  59  4:56  Zergling x10  
  59  4:57  Zergling x2  
  59  4:59  Overseer  
  65  5:03  Zergling x4  
  65  5:05  Overlord  
  67  5:11  Zergling x4  
  69  5:15  Overseer  
  69  5:18  Zergling x8  
  73  5:25  Zergling x6  
  76  5:32  Overlord  
  76  5:33  Roach x3, Ravager x2  
  84  5:37  Overlord  
  84  5:44  Overlord  
  84  5:45  Ravager x2  
  84  5:47  Roach x2  
  90  6:04  Roach x7  
  104  6:06  Overlord  
  103  6:14  Roach x3  
  108  6:22  Overlord  
  106  6:32  Roach x6  
  112  6:41  Drone x2  
  112  6:42  Drone x5  
  119  6:48  Drone  
  119  6:51  Drone  
  121  7:00  Overlord x2  
  121  7:03  Extractor  
  121  7:05  Overlord  
  121  7:06  Overlord x2  
  120  7:09  Evolution Chamber  
  118  7:22  Zergling x14  
  124  7:25  Drone  
  124  7:33  Zergling x12  
  125  7:38  Zergling x4  
  125  7:42  Drone x3  
  128  7:44  Extractor  
  128  7:48  Drone x3  
  128  7:50  Spore Crawler  
  129  7:53  Spine Crawler  
  129  7:55  Ravager x3  
  129  7:56  Ravager x7  
  138  8:04  Overlord  
  138  8:08  Zergling x16  
  146  8:14  Extractor, Infestation Pit  
  146  8:15  Zergling x6  
  139  8:21  Zergling x4  
  139  8:29  Drone x2  
  139  8:30  Zergling x2  
  139  8:31  Zergling x4  
  144  8:36  Evolution Chamber, Baneling Nest  
  144  8:38  Zergling x4  
  144  8:43  Zergling x10  
  145  8:50  Drone  
  145  8:54  Drone x2  
  144  8:58  Overseer  
  144  9:03  Drone x5  
  144  9:08  Hive, Pneumatized Carapace  
  144  9:17  Zerg Melee Weapons Level 1  
  144  9:18  Zergling x8  
  144  9:21  Spore Crawler  
  147  9:29  Zergling x8  
  151  9:33  Zergling x2  
  151  9:34  Zergling x2  
  153  9:44  Roach x7  
  136  9:49  Roach x2  
  119  9:53  Roach x2  
  119  9:55  Roach  
  119  9:57  Roach  
  122  10:00  Roach  
  122  10:01  Roach  
  122  10:06  Roach  
  115  10:08  Roach  
  115  10:13  Drone x4  
  115  10:14  Drone  
  115  10:15  Ravager x4  
  120  10:21  Drone x2  
  120  10:27  Drone  
  121  10:30  Drone  
  121  10:32  Drone  
  106  10:37  Drone  
  106  10:41  Drone x4  
  99  10:43  Roach  
  99  10:46  Viper x2  
  99  10:48  Roach x2  
  103  10:55  Roach x3  
  109  10:58  Viper  
  109  11:02  Hatchery  
  109  11:04  Roach x2  
  115  11:05  Ravager x3  
  115  11:09  Roach  
  115  11:10  Roach x2  
  124  11:12  Roach  
  124  11:13  Roach  
  124  11:15  Overseer  
  130  11:18  Roach x2  
  130  11:20  Roach  
  130  11:24  Roach x2  
  138  11:26  Roach  
  138  11:31  Zerg Missile Weapons Level 1  
  140  11:33  Roach x2  
  140  11:34  Roach  
  140  11:38  Roach x2  
  150  11:43  Roach x2  
  154  11:47  Overlord x2  
  154  11:49  Overlord  
  153  11:58  Overlord  
  153  12:00  Ravager  
  153  12:01  Overlord  
  154  12:09  Roach x6  
  154  12:13  Drone x3  
  166  12:19  Spore Crawler  
  166  12:22  Roach x3  
  171  12:28  Roach  
  171  12:29  Roach x3  
  175  12:45  Roach x6  
  172  12:54  Roach x7  
  172  12:57  Roach x2  
  172  13:00  Drone x2  
  172  13:02  Drone x2  
  172  13:07  Roach  
  172  13:08  Roach  
  172  13:09  Ravager x3  
  169  13:16  Ravager x6  
  169  13:17  Roach  
  177  13:21  Roach x2  
  181  13:28  Roach, Zergling x2  
  181  13:29  Overlord x2  
  184  13:39  Overlord x2  
  184  13:47  Zergling x18  
  184  13:48  Zergling x4  
  195  13:51  Centrifugal Hooks  
  176  14:06  Zergling x16  
  173  14:19  Roach x5  
  169  14:25  Roach  
  169  14:26  Roach x2  
  169  14:29  Roach  
  152  14:33  Roach x2  
  152  14:38  Roach  
  129  14:41  Overseer x2  
  117  14:47  Roach x4  
  117  14:48  Ravager x2  
  117  14:49  Ravager  
  120  14:53  Roach, Zergling x2  
  120  14:57  Roach x2  
  120  14:59  Ravager x2  
  129  15:00  Roach  
  129  15:05  Roach x2  
  129  15:06  Hatchery  
  127  15:07  Roach  
  127  15:13  Roach x2  
  121  15:18  Roach x2  
  116  15:24  Roach x3  
  116  15:28  Roach  
  100  15:31  Roach x5  
  100  15:35  Ravager x2  
  106  15:36  Roach x2  
  106  15:39  Roach  
  112  15:52  Roach  
  112  15:53  Roach x4  
  116  16:05  Zergling x12  
  116  16:10  Zergling x4  
  124  16:15  Roach x2  
  125  16:27  Roach x2  
  125  16:34  Overseer  
  125  16:38  Zergling x2  
  124  16:48  Drone x4  
  124  16:52  Ravager  
  129  16:56  Zergling x8  
  133  17:02  Baneling x6  
  133  17:06  Zergling x2  
  133  17:07  Zergling x2  
  129  17:19  Zergling x12  
  129  17:22  Zergling x4  
  109  17:29  Roach x2  
  74  17:32  Roach  
  68  17:38  Roach x2  
Show
View Real Time Build Order
Export as new Build Order

Jieshi Protoss - Winner!

Build Orders: 1 Gate Expand, Dark Templar Rush 

Get SALT Encoding   

  12  0:00  Probe  
  13  0:12  Probe  
  14  0:17  Pylon  
  14  0:25  Probe (Chrono Boost)  
  15  0:37  Probe (Chrono Boost)  
  15  0:39  Gateway  
  16  0:45  Probe (Chrono Boost)  
  16  0:49  Assimilator  
  17  0:52  Probe  
  18  1:04  Probe  
  19  1:16  Probe  
  20  1:28  Cybernetics Core  
  20  1:38  Nexus  
  20  1:41  Probe  
  21  1:47  Pylon  
  21  1:53  Probe  
  22  1:56  Assimilator  
  22  2:05  Probe, Stalker (Chrono Boost)  
  25  2:12  Warp Gate  
  25  2:17  Probe  
  27  2:30  Probe, Robotics Facility  
  27  2:37  Adept  
  27  2:42  Probe (Chrono Boost)  
  31  2:52  Probe (Chrono Boost)  
  31  2:53  Probe (Chrono Boost)  
  32  3:00  Probe x2 (Chrono Boost)  
  32  3:01  Twilight Council  
  34  3:12  Gateway  
  34  3:14  Shield Battery  
  33  3:24  Pylon  
  33  3:26  Probe  
  34  3:28  Probe  
  34  3:31  Immortal (Chrono Boost)  
  35  3:40  Probe x2  
  41  3:43  Dark Shrine  
  41  3:50  Pylon  
  41  3:52  Probe x2  
  43  4:01  Adept  
  43  4:07  Probe x2  
  40  4:19  Probe x2  
  40  4:24  Gateway x2  
  42  4:30  Warp Prism (Chrono Boost)  
  42  4:31  Probe x2  
  46  4:41  Sentry  
  46  4:43  Probe x2, Assimilator  
  50  4:46  Assimilator  
  50  4:59  Probe x2  
  52  5:00  Pylon  
  52  5:04  Observer (Chrono Boost)  
  53  5:11  Probe x2  
  53  5:20  Immortal (Chrono Boost)  
  57  5:21  Pylon  
  57  5:29  Probe  
  57  5:31  Nexus  
  57  5:32  Pylon  
  58  5:36  Sentry x2  
  58  5:39  Dark Templar  
  58  5:42  Pylon  
  64  5:46  Probe x2  
  66  5:53  Immortal (Chrono Boost)  
  70  5:59  Shield Battery  
  69  6:09  Gateway, Forge  
  69  6:12  Gateway  
  69  6:15  Gateway  
  69  6:23  Zealot  
  69  6:24  Zealot x2, Dark Templar  
  74  6:33  Probe  
  74  6:34  Probe  
  76  6:40  Protoss Ground Weapons Level 1 (Chrono Boost)  
  76  6:43  Immortal  
  76  6:44  Stalker  
  76  6:45  Probe, Stalker  
  85  6:54  Pylon  
  85  6:57  Robotics Bay  
  85  7:06  Pylon  
  85  7:17  Dark Templar  
  85  7:18  Dark Templar x2  
  89  7:24  Probe  
  89  7:25  Probe  
  82  7:42  Disruptor (Chrono Boost), Blink (Chrono Boost)  
  82  7:46  Pylon  
  85  7:51  Dark Templar  
  87  8:06  Pylon  
  87  8:07  Disruptor (Chrono Boost)  
  87  8:09  Pylon  
  87  8:27  Zealot  
  87  8:28  Zealot x3  
  87  8:29  Protoss Ground Weapons Level 2  
  87  8:31  Cybernetics Core  
  95  8:40  Disruptor (Chrono Boost)  
  98  9:03  Nexus  
  98  9:05  Pylon  
  98  9:09  Zealot, Stalker x2  
  96  9:10  Zealot x3  
  96  9:15  Observer (Chrono Boost)  
  103  9:19  Photon Cannon  
  103  9:20  Pylon, Shield Battery  
  103  9:25  Disruptor (Chrono Boost)  
  106  9:36  Charge  
  106  9:37  Stalker  
  106  9:38  Stalker x3  
  97  9:45  Zealot  
  97  9:46  Zealot  
  86  9:57  Disruptor  
  80  10:01  Zealot x3  
  80  10:02  Zealot  
  80  10:06  Stalker  
  82  10:07  Zealot  
  82  10:10  Probe x2  
  81  10:16  Probe  
  82  10:22  Probe  
  82  10:23  Sentry x2  
  82  10:24  Sentry  
  88  10:28  Probe  
  88  10:31  Stalker  
  77  10:36  Shield Battery  
  77  10:39  Shield Battery  
  67  10:44  Stalker  
  67  10:45  Probe  
  68  10:50  Disruptor (Chrono Boost)  
  68  10:54  Probe (Chrono Boost)  
  72  10:57  Probe (Chrono Boost)  
  73  11:05  Stalker, Sentry x2  
  73  11:09  Probe (Chrono Boost)  
  80  11:13  Gateway  
  80  11:16  Probe (Chrono Boost)  
  80  11:17  Probe (Chrono Boost)  
  80  11:18  Probe (Chrono Boost)  
  83  11:19  Dark Templar  
  83  11:23  Dark Templar  
  83  11:24  Probe  
  88  11:31  Probe x2  
  90  11:34  Disruptor (Chrono Boost)  
  90  11:36  Probe, Pylon  
  94  11:40  Assimilator  
  94  11:45  Assimilator  
  94  11:57  Stalker x4  
  102  12:11  Disruptor (Chrono Boost)  
  105  12:20  Probe  
  106  12:24  Nexus  
  106  12:27  Photon Cannon  
  106  12:28  Stalker  
  106  12:29  Shield Battery  
  108  12:32  Probe  
  109  12:37  Stalker x3  
  109  12:43  Dark Templar  
  104  12:51  Stalker  
  104  12:52  Stalker  
  104  12:56  Disruptor (Chrono Boost)  
  97  13:13  Protoss Ground Weapons Level 3 (Chrono Boost)  
  97  13:17  Probe  
  97  13:18  Probe x2  
  100  13:21  Sentry x2  
  100  13:22  Sentry  
  106  13:28  Gateway  
  106  13:30  Pylon  
  106  13:33  Disruptor (Chrono Boost)  
  109  13:36  Stalker  
  109  13:38  Stalker  
  113  13:52  Stalker x4  
  118  14:03  Disruptor  
  120  14:10  Stalker x3  
  122  14:19  Stalker x3  
  122  14:20  Zealot  
  113  14:30  Dark Templar  
  96  14:39  Stalker x3  
  98  14:50  Stalker x4  
  98  14:51  Probe  
  98  14:52  Probe  
  106  15:01  Observer  
  106  15:03  Probe  
  104  15:09  Stalker  
  106  15:20  Stalker x2  
  106  15:21  Stalker  
  110  15:22  Disruptor (Chrono Boost), Zealot  
  106  15:32  Protoss Shields Level 1 (Chrono Boost)  
  102  15:42  Dark Templar  
  104  15:51  Stalker x3, Photon Cannon  
  104  15:52  Stalker, Shield Battery  
  104  15:55  Stalker  
  114  15:58  Probe  
  114  16:02  Stalker  
  114  16:10  Probe  
  109  16:13  Stalker  
  109  16:14  Stalker  
  109  16:15  Stalker  
  115  16:25  Stalker  
  115  16:26  Zealot x2, Stalker x2  
  115  16:28  Probe  
  124  16:40  Nexus  
  124  16:41  Probe  
  124  16:43  Sentry  
  124  16:44  Sentry  
  124  16:45  Probe  
  130  16:48  Photon Cannon  
  130  16:54  Disruptor  
  130  16:57  Probe  
  130  17:00  Zealot x4  
  130  17:01  Zealot x2  
  121  17:25  Stalker x2  
  121  17:26  Zealot  
  121  17:27  Probe x2  
  121  17:28  Probe x2  
  98  17:32  Stalker  
  98  17:33  Stalker x3  
  102  17:39  Probe  
  102  17:42  Stalker  
  105  17:48  Stalker  
  105  17:49  Zealot x2  
Tags
 
Add a new tag
Caveats
  • Supply blocks, unpowered buildings, or Contaminate may cause inaccurate times.
  • Supply counts are checked every 10 seconds.